 Dungeon Crawl Stone Soup version 0.20.0-15-g7f486f2 (webtiles) character file.

474 mopl the Sneak (level 6, -4/48 HPs)
             Began as a Draconian Assassin on June 9, 2017.
             Splashed by a jelly's acid (11 damage)
             ... on level 5 of the Dungeon.
             The game lasted 00:04:41 (4043 turns).

mopl the Sneak (Draconian Assassin)                 Turns: 4043, Time: 00:04:44

Health: -4/48      AC: -3    Str: 13    XL:     6   Next: 84%
Magic:  6/6        EV: 11    Int: 12    God:
Gold:   146        SH:  5    Dex: 14    Spells: 5/5 levels left

rFire    . . .     SeeInvis .   a - +2 dagger
rCold    . . .     Gourm    .   A - +2 buckler
rNeg     . . .     Faith    .   (armour unavailable)
rPois    .         Spirit   .   (helmet restricted)
rElec    .         Reflect  .   u - +1 cloak
rCorr    .         Harm     .   B - +0 pair of gloves
MR       .....                  (no boots)
Stlth    +++.......             (no amulet)
Regen    0.2/turn               (no ring)
MPRegen  0.1/turn               (no ring)

@: corroded
A: unfitting armour, cold-blooded, AC +6
a: no special abilities


You were on level 5 of the Dungeon.
You were not hungry.

You visited 1 branch of the dungeon, and saw 5 of its levels.

You collected 146 gold pieces.

Inventory:

Hand Weapons
 a - a +2 dagger (weapon)
 b - a +0 blowgun
 o - a +0 rapier
 w - a +0 hunting sling
 E - a +0 long sword
Missiles
 d - 12 poisoned needles
 e - 2 curare-tipped needles
 m - 29 sling bullets
 p - 154 stones (quivered)
Armour
 u - a +1 cloak (worn)
 A - a +2 buckler (worn)
 B - a +0 pair of gloves (worn)
Wands
 x - a wand of confusion (19/48)
 y - a wand of iceblast (8/15)
Scrolls
 c - a scroll of teleportation {unknown}
 g - 8 scrolls of remove curse {unknown}
 h - 2 scrolls of magic mapping {unknown}
 l - 7 scrolls of identify {unknown}
 t - a scroll of immolation {unknown}
 C - 2 scrolls of amnesia {unknown}
 D - a scroll of fog {unknown}
Potions
 j - 2 potions of heal wounds
 n - a potion of lignification {unknown}
 r - a potion of agility {unknown}
 s - a potion of cancellation {unknown}
 v - a potion of haste {unknown}
 z - a potion of curing {unknown}
Comestibles
 f - 4 bread rations
 i - 3 royal jellies
 q - 4 fruits


   Skills:
 - Level 2.1 Fighting
 + Level 4.0 Short Blades
 + Level 3.7 Throwing
 - Level 0.8 Dodging
 * Level 6.2 Stealth


You had 5 spell levels left.
You didn't know any spells.

Dungeon Overview and Level Annotations

Branches:
Dungeon (5/15)
 Temple: D:4-7

Altars:
Zin


Innate Abilities, Weirdness & Mutations

Your plain brown scales are hard. (AC +6)
You cannot fit into any form of body armour.
You are cold-blooded and may be slowed by cold attacks.


Message History

The jelly hits you.
You are splashed with acid!
The acid burns!
You are too injured to fight recklessly!
You are too injured to fight recklessly!
The jelly closely misses you.
Unknown command.
You hit the jelly but do no damage.
Your hands burn!
You tail-slap the jelly, but do no damage.
The jelly is almost dead.
The jelly misses you.
You hit the jelly but do no damage.
Your hands burn!
* * * LOW HITPOINT WARNING * * *
The jelly is almost dead.
You hit the jelly but do no damage.
Your hands burn!
* * * LOW HITPOINT WARNING * * *
You tail-slap the jelly, but do no damage.
The jelly is almost dead.
The jelly hits you.
* * * LOW HITPOINT WARNING * * *
The acid corrodes you!
You are splashed with acid!
The acid burns!
You die...

.. #........ #.#####
#......... #..<..#
#.........
########.###.......?.
#.....##.............
........####.....>...
.........# #.........
.........###.........
.............@.....(.
.♣._.♣♣.####..J......
♣♣♣♣ ### #.........
....).....
####....... ##.....
..... .....


You could see a jelly.

Vanquished Creatures
  An ogre (D:4)
  A bullfrog zombie (D:4)
  A hound (D:4)
  An orc priest (D:4)
  A centaur skeleton (D:4)
  Jessica (D:3)
  Ijyb (D:3)
  Terence (D:2)
  An iguana (D:4)
  A worker ant (D:4)
  A worker ant zombie (D:5)
  5 adders
  2 adder zombies (D:5)
  2 worms
  A dart slug (D:1)
  5 leopard geckos
  6 orcs
  7 bats
  A giant cockroach (D:4)
  9 hobgoblins
  5 jackals (D:1)
  3 kobolds (D:3)
  3 quokkas
  3 ball pythons
  3 frilled lizards
  7 goblins
  8 rats
81 creatures vanquished.

Notes
Turn   | Place    | Note
-------+----------+-------------------------------------------
     0 | D:1      | mopl the Draconian Assassin began the quest for the Orb.
     0 | D:1      | Reached XP level 1. HP: 17/17 MP: 1/1
    89 | D:1      | Reached skill level 2 in Throwing
   217 | D:1      | Reached XP level 2. HP: 16/24 MP: 2/2
   424 | D:1      | Reached skill level 4 in Stealth
   942 | D:2      | Reached XP level 3. HP: 17/29 MP: 3/3
  1316 | D:2      | Noticed Terence
  1329 | D:2      | Killed Terence
  1329 | D:2      | Reached XP level 4. HP: 13/36 MP: 4/4
  1909 | D:2      | Reached skill level 3 in Short Blades
  2493 | D:3      | Noticed Jessica
  2505 | D:3      | Killed Jessica
  2505 | D:3      | Reached XP level 5. HP: 32/41 MP: 5/5
  2670 | D:3      | Reached skill level 3 in Throwing
  2748 | D:3      | Noticed Ijyb
  2830 | D:3      | Killed Ijyb
  2830 | D:3      | Reached skill level 5 in Stealth
  3217 | D:4      | Noticed an ogre
  3238 | D:4      | Killed an ogre
  3238 | D:4      | Reached XP level 6. HP: 27/48 MP: 6/6
  3812 | D:4      | Reached skill level 6 in Stealth
  4001 | D:5      | Entered Level 5 of the Dungeon
  4003 | D:5      | Found a glowing silver altar of Zin.
  4033 | D:5      | Reached skill level 4 in Short Blades
  4043 | D:5      | Splashed by a jelly's acid

Skill      XL: |  1  2  3  4  5  6 |
---------------+-------------------+-----
Throwing       | 2 3 |  3.7
Stealth        | 4 5 6 |  6.2
Short Blades   | 3 4 |  4.0
Fighting       | |  2.1
Dodging        | |  0.8

Action                   |  1- 3 |  4- 6 || total
-------------------------+-------+-------++-------
Melee: Dagger            |    96 |   252 ||   348
       Tailslap          |     8 |    40 ||    48
 Fire: Blowgun           |       |    18 ||    18
       Hunting sling     |       |    20 ||    20
Throw: Stone             |       |     4 ||     4
 Stab: Sleeping          |     7 |     6 ||    13
  Eat: Chunk             |     1 |     9 ||    10
Armor: Skin              |    24 |    67 ||    91
Dodge: Dodged            |    37 |    97 ||   134
Block: Buckler           |       |    28 ||    28
